 Dungeon Crawl Stone Soup version 0.23.0-3-gf3c87f2 (webtiles) character file.

Game seed: 14193321237868952285

926844 Faca the Conqueror (level 27, -2/273 HPs)
             Began as a Minotaur Berserker on Feb 21, 2019.
             Was the Champion of the Shining One.
             Killed from afar by a Hell Sentinel (53 damage)
             ... with damnation
             ... on level 7 of the Iron City of Dis on Feb 22, 2019.
             The game lasted 06:01:37 (92507 turns).

Faca the Conqueror (Minotaur Berserker)            Turns: 92507, Time: 06:01:38

Health: -2/273     AC: 51    Str: 33    XL:     27
Magic:  35/36      EV: 30    Int:  6    God:    the Shining One [******]
Gold:   1354       SH: 18    Dex: 21    Spells: 26/26 levels left

rFire    + + .     SeeInvis .   h - +9 executioner's axe (holy)
rCold    + + +     Gourm    .   (shield currently unavailable)
rNeg     + + +     Faith    .   F - +12 gold dragon scales
rPois    +         Spirit   .   d - -2 hat of the Alchemist {rElec rPois rF+ rC+ rN+ MR+ rMut rCorr}
rElec    +         Reflect  .   z - +2 cloak
rCorr    +         Harm     .   C - +2 pair of gloves {archery}
rMut     +                      t - +2 pair of boots of the Assassin {Detection Stab+ Stlth++}
MR       +++++                  m - amulet of the acrobat
Stlth    ..........             e - ring of Eliloy {*Contam MR++ EV+3 Dex+4}
HPRegen  0.00/turn              a - ring "Coczuhis" {rElec rC+ Int+2 Dex+7}
MPRegen  0.25/turn

@: divine shield, glowing
A: retaliatory headbutt, horns 2, talons 1, icy blue scales 1, large bone plates
1, blurry vision 1, clumsy 1, inhibited regeneration, subdued magic 1
}: 6/15 runes: decaying, serpentine, slimy, silver, bone, abyssal
a: Divine Shield, Cleansing Flame, Summon Divine Warrior, Renounce Religion


You were on level 7 of the Iron City of Dis.
You worshipped the Shining One.
The Shining One was exalted by your worship.
You were not hungry.

You visited 14 branches of the dungeon, and saw 71 of its levels.
You visited the Abyss 1 time.
You also visited: Trove, Sewer, Ossuary, Bailey, Gauntlet, Volcano, Wizlab and Desolation.

You collected 11281 gold pieces.
You spent 9927 gold pieces at shops.

Inventory:

Hand Weapons
 h - a +9 executioner's axe of holy wrath (weapon)
 i - the +4 battleaxe of the Lettuce {flame, Str+7}
   (You found it in a treasure trove)

   It has been specially enchanted to burn those struck by it, causing extra
   injury to most foes and up to half again as much damage against particularly
   susceptible opponents.
   Big, fiery blades are also staple armaments of hydra-hunters.
   It affects your strength (+7).
Missiles
 j - 8 throwing nets
 o - 2 javelins of penetration
 G - 2 steel javelins
 P - 11 javelins of returning (quivered)
 W - 29 poisoned javelins
Armour
 d - the -2 hat of the Alchemist (worn) {rElec rPois rF+ rC+ rN+ MR+ rMut rCorr}
   (You acquired it on level 5 of the Depths)

   It protects you from fire.
   It protects you from cold.
   It insulates you from electricity.
   It protects you from poison.
   It protects you from negative energy.
   It affects your resistance to hostile enchantments.
   It provides partial protection from all sources of acid and corrosion.
   It protects you from mutation.
 t - the +2 pair of boots of the Assassin (worn) {Detection Stab+ Stlth++}
   (You acquired it on level 2 of the Realm of Zot)

   It makes you much more stealthy.
 z - a +2 cloak (worn)
 C - a +2 pair of gloves of archery (worn)
 F - +12 gold dragon scales (worn)
 O - the +2 hat of the Bear Spirit {Spirit, +Rage rN+ MR++}
   (You found it on level 2 of the Lair of Beasts)

   It protects you from negative energy.
   It affects your resistance to hostile enchantments.
   It lets you go berserk.
Jewellery
 a - the ring "Coczuhis" (right hand) {rElec rC+ Int+2 Dex+7}
   (You found it in the Desolation of Salt)

   [ring of intelligence]

   It affects your intelligence (+2).
   It affects your dexterity (+7).
   It protects you from cold.
   It insulates you from electricity.
 e - the ring of Eliloy (left hand) {*Contam MR++ EV+3 Dex+4}
   (You found it in a treasure trove)

   [ring of evasion]

   It affects your evasion (+3).
   It affects your dexterity (+4).
   It affects your resistance to hostile enchantments.
   It causes magical contamination when unequipped.
 m - an amulet of the acrobat (around neck)
 u - the ring "Mommonk" {rElec rF+ rC+ rN+}
   (You bought it in a shop on level 5 of the Vaults)

   [ring of positive energy]

   It protects you from fire.
   It protects you from cold.
   It insulates you from electricity.
   It protects you from negative energy.
Wands
 q - a wand of clouds (8)
 H - a wand of acid (23)
 K - a wand of scattershot (3)
 S - a wand of digging (2)
Scrolls
 g - 5 scrolls of silence
 l - 21 scrolls of teleportation
 n - 10 scrolls of blinking
 r - 7 scrolls of immolation
 w - 2 scrolls of identify
 y - 7 scrolls of fog
 A - 2 scrolls of enchant weapon
 E - 3 scrolls of holy word
 T - 7 scrolls of magic mapping
 U - 36 scrolls of remove curse
 V - 3 scrolls of fear
 Z - 5 scrolls of summoning
Potions
 b - 4 potions of agility
 f - 11 potions of mutation
 p - 6 potions of flight
 s - a potion of berserk rage
 v - 2 potions of might
 x - 2 potions of heal wounds
 D - 2 potions of cancellation
 I - 6 potions of resistance
 J - 8 potions of haste
 L - 6 potions of ambrosia
 M - 10 potions of curing
 Q - 7 potions of invisibility
 R - 9 potions of brilliance
Comestibles
 c - 43 rations
 k - 4 chunks of flesh


   Skills:
 O Level 27 Fighting
 O Level 27 Axes
 + Level 21.9 Throwing
 O Level 27 Armour
 O Level 27 Dodging
 + Level 21.9 Invocations


You had 26 spell levels left.
You didn't know any spells.
Your spell library contained the following spells:

 Spells                   Type           Power        Failure   Level  Hunger
 Animate Skeleton         Necr           N/A          90%         1    ##.....
 Pain                     Necr           #...         90%         1    ##.....
 Shock                    Conj/Air       #...         90%         1    ##.....
 Summon Small Mammal      Summ           #...         90%         1    ##.....
 Call Imp                 Summ           #.......     97%         2    ###....
 Corpse Rot               Necr           N/A          97%         2    ###....
 Passwall                 Tmut/Erth      #.......     97%         2    ###....
 Sticks to Snakes         Tmut           #.......     97%         2    ###....
 Call Canine Familiar     Summ           #.......     99%         3    ####...
 Inner Flame              Hex/Fire       #.......     99%         3    ####...
 Recall                   Summ/Tloc      N/A          99%         3    ####...
 Spider Form              Tmut/Pois      #.........   99%         3    ####...
 Summon Guardian Golem    Hex/Summ       #.......     99%         3    ####...
 Airstrike                Air            #.........   100%        4    #####..
 Animate Dead             Necr           N/A          100%        4    #####..
 Petrify                  Tmut/Erth      #.......     100%        4    #####..
 Summon Ice Beast         Ice/Summ       #.......     100%        4    #####..
 Summon Lightning Spire   Summ/Air       #.......     100%        4    #####..
 Borgnjor's Vile Clutch   Necr/Erth      #.........   100%        5    ######.
 Dispel Undead            Necr           #.......     100%        5    ######.
 Fireball                 Conj/Fire      #.........   100%        5    ######.
 Death Channel            Necr           #.........   100%        6    #######
 Hydra Form               Tmut           #.........   100%        6    #######
 Simulacrum               Ice/Necr       #.........   100%        6    #######
 Borgnjor's Revivificati  Necr           #.........   100%        8    #######


Dungeon Overview and Level Annotations

Branches:
Dungeon (15/15)            Temple (0/1) D:5            Lair (6/6) D:8
  Swamp (4/4) Lair:3        Snake (4/4) Lair:2        Slime (5/5) Lair:5
    Orc (2/2) D:12            Elf (3/3) Orc:2        Vaults (5/5) D:13
  Crypt (3/3) Vaults:2       Tomb (0/3) Crypt:3      Depths (5/5) D:15
   Hell (1/1)                 Dis (7/7) Hell            Geh (0/7) Hell
    Coc (0/7) Hell            Tar (7/7) Hell            Zot (5/5) Depths:5

Altars:
Ashenzari
Dithmenos
Fedhas
Gozag
Hepliaklqana
Kikubaaqudgha
Nemelex Xobeh
Qazlal
Trog
Uskayaw
Vehumet
Wu Jian
Xom
Yredelemnul
The Shining One
Beogh
Jiyva
Lugonu

Shops:
D:9 =   D:13 ?   Orc:1 *   Orc:2 (*:%   Elf:1 =%*=   Vaults:3 [
Vaults:5 [(=[??!?(!%%??   Depths:1 ?

Portals:
Hell: Depths:1 Depths:2 Depths:3 Depths:4 Depths:5
Abyss: Depths:1 Depths:4 Depths:5
Pandemonium: Orc:2 Depths:3
Ziggurat: Depths:1

Annotations:
D:2 exclusion: oklob plant


Innate Abilities, Weirdness & Mutations

You reflexively headbutt those who attack you in melee.
You have a pair of horns on your head.
You have sharp toenails.
You are partially covered in icy blue scales. (AC +2)
You are partially covered in large bone plates. (SH +4)
Scrolls take you a little longer to read.
You are clumsy. (Dex -2)
You do not regenerate when monsters are visible.
Your spells are a little easier to cast, but a little less powerful.


Message History

You kill the tormentor!
The Shining One accepts your kill.
You feel better.
You hit the Hell Sentinel but do no damage.
You headbutt the Hell Sentinel, but do no damage.
You open the rust devil like a pillowcase!!!
The rust devil convulses!!
You kill the rust devil!
The Shining One accepts your kill.
You feel better.
You feel your power returning.
An iron giant comes into view. It is wielding a +0 giant club.
The Hell Sentinel misses you. You furiously retaliate!
You headbutt the Hell Sentinel.
The Hell Sentinel completely misses you.
You slice the Hell Sentinel!!
The Hell Sentinel convulses!!
Your headbutt misses the Hell Sentinel.
The Hell Sentinel is moderately wounded.
The Hell Sentinel gestures at you.
The sphere of damnation explodes!
The damnation engulfs you!!!
You die...

...######.##
...#....#..##......#
...'....#..# ....C.#
...#....#.## #..z...
#########.####..... #
#....##.....# #### #
#....##...D.# ...# #
+...## #....#....# #
#...####..@1#....#
#######....##.....'....'
[..........##.....#....#
#'#.......####....# ...#
..#.......####....######
..#.#####..##.......#..#
###.# #..##.......#..#
#..+ #.####......#'##
+..# #.####.........#


You could see an iron giant, a Hell Sentinel, an iron dragon and an ancient
champion.

Vanquished Creatures
  the Royal Jelly (Slime:5)
  Ereshkigal (Tar:7)
  7 orbs of fire
  5 ancient liches
  The ghost of greynaab the Cloud Mage, a veteran TeSu of Vehumet (Zot:2)
  Sojobo (Depths:1)
  10 Killer Klowns
  2 caustic shrikes (Depths:3)
  5 curse toes
  The ghost of TuffENuff the End of an Era, a veteran FoFi of Qazlal (Vaults:4)
  Geryon (Hell)
  Nikola (Depths:3)
  16 golden dragons
  Jory (Vaults:2)
  11 doom hounds
  9 bone dragons
  A Brimstone Fiend (Dis:7)
  4 liches
  6 electric golems
  16 Tzitzimimeh
  4 iron giants
  18 tentacled monstrosities
  2 Ice Fiends
  Rupert (Lair:4)
  25 Orb Guardians (Zot:5)
  The ghost of Yloucecuu the Ninja, a veteran SpEn of Dithmenos (Vaults:4)
  6 quicksilver dragons
  5 titans
  21 acid blobs
  Murray (Hell)
  13 ancient champions
  2 deep elf blademasters (Elf:3)
  8 death cobs
  3 sphinxes
  2 deep elf master archers (Elf:3)
  2 thorn hunters
  Agnes (Snake:3)
  7 tengu reavers
  A draconian monk (Zot:1)
  14 shadow dragons
  9 azure jellies
  22 storm dragons
  A revenant (Crypt:3)
  3 draconian knights
  Roxanne (Snake:2)
  3 imperial myrmidons (Desolation)
  9 nagarajas
  16 frost giants
  2 orc warlords
  12 deep elf sorcerers
  15 fire giants
  6 draconian shifters
  16 vault wardens
  5 ghost moths
  A balrug (Depths:1)
  Louise (Depths:1)
  8 iron dragons
  4 cacodemons
  3 draconian stormcallers
  5 deep elf elementalists
  12 ghouls
  20 ironheart preservers
  4 spriggan defenders
  3 draconian annihilators
  4 draconian scorchers
  An entropy weaver (Vaults:4)
  25 very ugly things
  A caustic shrike skeleton (Crypt:1)
  4 war gargoyles
  2 grey draconians (Depths:5)
  33 reapers
  The ghost of kmckee24 the Severer, a journeyman MiFi of Okawaru (Lair:4)
  40 stone giants
  6 black draconians
  12 vampire knights
  6 yellow draconians
  7 green draconians
  11 deep elf demonologists
  4 halazid warlocks (Desolation)
  6 dire elephants (Abyss:3)
  10 white draconians
  9 deep elf annihilators
  20 purple draconians
  Azrael (D:15)
  2 lorocyprocas
  14 red draconians
  A minotaur (Gauntlet)
  4 spark wasps (Depths:2)
  The ghost of Rem the Fighter, a journeyman OpFi of Gozag (Orc:1)
  14 deep elf death magi
  2 blizzard demons
  The ghost of ezpacito the Champion of Chaos, a journeyman DsFi of Makhleb (D:13)
  15 ettins
  5 eidola
  13 yaktaur captains
  A crystal guardian (Desolation)
  19 fire dragons
  9 statues (WizLab)
  5 ragged hierophants (Desolation)
  18 jiangshi
  2 merfolk impalers (Depths:2)
  Josephine (Orc:1)
  30 vault guards
  8 death oozes
  2 quicksilver dragon skeletons
  6 ghost crabs
  21 hydras
  3 peacekeepers (Desolation)
  18 great orbs of eyes
  19 ice dragons
  7 rakshasas
  3 shambling mangroves
  5 servants of whispers (Desolation)
  7 deep elf high priests
  11 naga warriors
  3 catoblepae (Lair:6)
  6 death knights
  6 spriggan air magi
  13 centaur warriors
  Erica (D:8)
  14 anacondas
  An anaconda (shapeshifter) (Vaults:5)
  40 two-headed ogres
  26 dancing weapons
  5 death yaks (Lair:6)
  17 ogre magi
  9 alligators
  3 tengu warriors
  3 hell hogs (Dis:7)
  A queen ant (D:9)
  5 deep troll shamans
  2 deep troll earth magi
  5 orc high priests
  12 vampire magi
  31 deep elf knights
  3 shock serpents
  Nergalle (Lair:4)
  12 naga sharpshooters
  6 hell knights (Depths:2)
  A titan zombie (Tar:1)
  13 spriggan berserkers
  6 storm dragon zombies
  7 sun demons
  4 iron golems
  19 soul eaters
  19 iron trolls
  A titan skeleton (Hell)
  11 shadow wraiths
  3 storm dragon skeletons
  2 spatial maelstroms (Abyss:3)
  11 flayed ghosts
  4 unseen horrors
  A salamander mystic (Snake:4)
  3 sixfirhies
  An infernal demonspawn (Depths:3)
  69 skeletal warriors
  2 gelid demonspawn (Orc:2)
  9 spriggan druids
  2 torturous demonspawn (Orc:2)
  An unseen horror (shapeshifter) (Vaults:1)
  A death drake (shapeshifter) (Vaults:5)
  15 deep trolls
  3 small abominations
  4 golden dragon zombies
  21 shadow demons
  2 anaconda zombies (Dis:5)
  21 deep elf archers
  2 obsidian statues
  4 glowing orange brains
  13 wizards
  3 lindwurms
  6 naga ritualists
  26 ironbrand convokers
  4 shadow dragon zombies
  4 anaconda skeletons
  13 phantasmal warriors
  8 swamp dragons
  A harpy (Vaults:3)
  A harpy (shapeshifter) (Depths:3)
  16 necromancers
  A golden dragon skeleton (Tar:6)
  8 mana vipers
  14 orc knights
  An iron dragon zombie (Dis:1)
  A mana viper (shapeshifter) (Depths:3)
  2 wolf spider zombies
  A shining eye (shapeshifter) (Gauntlet)
  6 fire giant zombies
  10 orc sorcerers
  3 wolf spiders
  120 slime creatures
  2 frost giant skeletons (Crypt:1)
  16 cyclopes
  65 deep elf magi
  A tengu skeleton (Vaults:3)
  4 stone giant zombies
  11 salamanders
  5 frost giant zombies
  31 moths of wrath
  2 iron dragon skeletons
  A salamander (shapeshifter) (Vaults:4)
  44 ugly things
  A manticore (shapeshifter) (Depths:3)
  5 shining eyes
  5 toenail golems (Volcano)
  2 manticores (Lair:6)
  4 elephants (Lair:6)
  A human skeleton (Vaults:4)
  2 shock serpent zombies
  An ice statue (Hell)
  39 black mambas
  2 fire giant skeletons (Tar:6)
  18 rust devils
  5 dire elephant zombies
  7 guardian serpents
  24 naga magi
  6 eyes of devastation
  An orange demon (Orc:2)
  10 vault sentinels
  A smoke demon (Orc:2)
  3 centaur zombies
  A shock serpent skeleton (Crypt:3)
  2 gargoyles
  10 spiny frogs
  A rime drake (Lair:5)
  An emperor scorpion zombie (Crypt:3)
  A komodo dragon (shapeshifter) (Gauntlet)
  8 komodo dragons
  4 spectral swamp worms (Tar:7)
  2 purple draconian zombies
  21 tormentors
  11 hellions
  56 yaktaurs
  An efreet (D:14)
  3 hellwings
  8 ice devils
  6 guardian mummies
  16 freezing wraiths
  2 ancient zymes (Abyss:3)
  3 red devils
  5 tengu conjurers
  3 meliai (D:14)
  3 silent spectres (Tar:7)
  A hornet (shapeshifter) (Vaults:5)
  5 hydra zombies
  10 tyrant leeches
  2 polar bears
  A yaktaur skeleton (Vaults:3)
  A wolf spider simulacrum (Crypt:1)
  11 trolls
  2 harpy zombies
  A tengu simulacrum (Vaults:4)
  A blink frog (shapeshifter) (Vaults:3)
  4 alligator zombies
  2 ettin zombies
  30 hornets
  A raiju (shapeshifter) (Vaults:2)
  2 hydra skeletons
  8 bog bodies
  52 saltlings
  23 blink frogs
  9 hippogriffs
  A stone giant simulacrum (Vaults:3)
  A dream sheep (shapeshifter) (Vaults:5)
  A fire dragon zombie (Dis:7)
  47 flying skulls
  2 ice dragon zombies (Hell)
  A death drake skeleton (Crypt:2)
  2 black mamba zombies
  13 water elementals
  17 wraiths
  3 redbacks (Vaults:5)
  A fire dragon skeleton (Dis:5)
  A guardian serpent skeleton (Crypt:2)
  A dire elephant simulacrum (Crypt:3)
  19 shadows
  3 air elementals (Elf:3)
  An alligator skeleton (Hell)
  8 wyverns
  2 ice dragon skeletons
  25 spriggans
  4 ettin skeletons
  5 vampires
  A yak (shapeshifter) (Depths:1)
  12 fire elementals
  2 basilisks (Lair:3)
  2 black mamba skeletons
  5 golden eyes
  53 yaks
  2 chaos spawn
  A steam dragon (D:7)
  A hog (shapeshifter) (Depths:4)
  The ghost of Steadysplat the Cudgeler, an amateur FoFi (D:3)
  5 hungry ghosts
  An emperor scorpion simulacrum (Crypt:1)
  25 vampire mosquitoes
  An elf skeleton (Vaults:4)
  11 large abominations
  A gelid demonspawn zombie (Crypt:1)
  10 swamp worms
  7 acid dragons
  14 insubstantial wisps
  An orb spider zombie (Crypt:1)
  56 nagas
  8 wargs
  A hydra simulacrum (Crypt:1)
  6 spatial vortices (Abyss:3)
  2 spiny frog zombies
  15 soldier ants
  8 porcupines
  A water nymph skeleton (Crypt:3)
  A faun skeleton (Crypt:3)
  33 hell hounds
  14 water moccasins
  A merfolk skeleton (Tar:6)
  A water moccasin (shapeshifter) (Gauntlet)
  2 floating eyes (Depths:5)
  8 black bears
  66 orc warriors
  12 swamp drakes
  3 ice beasts
  16 necrophages
  37 ogres
  An eye of draining (shapeshifter) (Depths:2)
  6 eyes of draining
  4 sky beasts
  4 phantoms
  3 snapping turtle zombies
  A black mamba simulacrum (Hell)
  2 manticore zombies (Dis:7)
  A swamp dragon zombie (Dis:7)
  4 wolves (Lair:6)
  13 boggarts
  6 human zombies
  6 crocodiles
  21 centaurs
  A swamp dragon skeleton (Tar:6)
  A blink frog skeleton (Crypt:1)
  4 elf zombies (Elf:1)
  Blork the orc (D:4)
  17 bullfrogs
  2 big kobolds (D:9)
  A hippogriff zombie (Crypt:3)
  A bullfrog (shapeshifter) (Gauntlet)
  4 earth elementals
  6 scorpions
  A scorpion (shapeshifter) (Vaults:1)
  An orc simulacrum (Vaults:1)
  A human simulacrum (Vaults:3)
  25 killer bees
  32 wights
  A wolf zombie (Crypt:2)
  4 electric eels
  5 howler monkeys
  10 crimson imps
  4 bullfrog zombies
  9 hounds
  14 jellies
  29 orc priests
  Crazy Yiuf (D:7)
  2 centaur skeletons
  27 orc wizards
  3 bullfrog skeletons
  7 iron imps
  11 hell rats
  A basilisk skeleton (Crypt:3)
  3 iguanas
  Natasha (twice) (D:3)
  37 worker ants
  3 big kobold zombies (Ossuary)
  2 naga zombies
  An acid dragon skeleton (Crypt:2)
  A hound skeleton (D:9)
  10 mummies
  2 worker ant zombies
  A howler monkey skeleton (D:4)
  A howler monkey zombie (D:6)
  18 adders
  18 gnolls
  9 shadow imps
  3 white imps (Gauntlet)
  15 oozes
  An adder zombie (D:8)
  2 halfling skeletons (Crypt:2)
  An iguana skeleton (Crypt:3)
  4 worms
  13 leopard geckos
  A leopard gecko (shapeshifter) (Vaults:5)
  141 orcs
  2 spectral bats (Ossuary)
  18 giant cockroaches
  9 gnoll zombies (Ossuary)
  27 goblins
  16 hobgoblins
  2 jackals (D:5)
  18 kobolds
  7 quokkas
  14 ball pythons
  5 bats
  7 bat simulacra (Ossuary)
  10 frilled lizards
  2 goblin simulacra (Ossuary)
  3 goblin zombies (Ossuary)
  4 hobgoblin zombies
  A jackal skeleton (D:4)
  2 jackal zombies
  2 kobold simulacra (Ossuary)
  5 kobold zombies (Ossuary)
  A leopard gecko skeleton (D:5)
  A leopard gecko zombie (Crypt:2)
  8 orc zombies
  A quokka skeleton (D:5)
  4 rats
  A rat zombie (D:8)
  A spectral goblin (Ossuary)
  A spectral kobold (Ossuary)
  5 spectral rats (Ossuary)
  7 briar patches (Swamp:1)
  A butterfly (Lair:2)
  7 crawling corpses
  2 demonic plants (Gauntlet)
  5 fungi
  3 plants
3684 creatures vanquished.

Vanquished Creatures (collateral kills)
  Vashnia (Snake:2)
  A hellephant (Abyss:3)
  A storm dragon (Vaults:5)
  A draconian shifter (Abyss:3)
  3 dire elephants (Abyss:3)
  A ragged hierophant (Desolation)
  2 naga warriors (Snake:3)
  2 servants of whispers (Desolation)
  A salamander (Snake:3)
  3 nagas (Snake:3)
  An adder (Snake:3)
17 creatures vanquished.

Vanquished Creatures (others)
  A vault warden (Vaults:5)
  A draconian shifter (Zot:2)
  A deep elf knight (Elf:2)
  A deep elf archer (Vaults:5)
  A moth of wrath (Zot:2)
  A red devil (Hell)
  3 hornets (Swamp:4)
  An ice dragon zombie (Hell)
  A naga (Snake:4)
  A hell hound (Dis:1)
  An ettin simulacrum (Hell)
  A boggart (Depths:3)
  A briar patch (Swamp:1)
  3 demonic plants (Gauntlet)
  3 fungi
  3 plants
  16 toadstools (D:2)
40 creatures vanquished.

Grand Total: 3741 creatures vanquished

Notes
Turn   | Place    | Note
-------+----------+-------------------------------------------
     0 | D:1      | Faca the Minotaur Berserker began the quest for the Orb.
     0 | D:1      | Reached XP level 1. HP: 19/19 MP: 0/0
   207 | D:1      | Reached XP level 2. HP: 19/27 MP: 1/1
  1141 | D:2      | Reached XP level 3. HP: 32/34 MP: 2/2
  1315 | D:2      | Found a blossoming altar of Fedhas.
  1326 | D:2      | Noticed an oklob plant
  1614 | D:3      | Reached XP level 4. HP: 12/41 MP: 3/3
  1921 | D:3      | Reached skill level 5 in Axes
  1922 | D:3      | Reached skill level 5 in Fighting
  1927 | D:3      | Reached ** piety under Trog
  2042 | D:3      | Noticed Steadysplat's ghost (amateur FoFi)
  2045 | D:3      | Found a runed translucent door.
  2225 | D:3      | Noticed Natasha
  2258 | D:3      | HP: 2/42 [white imp/puff of frost[Natasha] (7)]
  2261 | D:3      | Killed Natasha
  2261 | D:3      | Reached XP level 5. HP: 2/49 MP: 4/4
  2771 | D:3      | Noticed Natasha
  2786 | D:3      | Killed Natasha
  3104 | D:3      | Killed Steadysplat's ghost
  3104 | D:3      | Reached XP level 6. HP: 58/58 MP: 5/5
  3330 | D:4      | Noticed Blork the orc
  3344 | D:4      | Killed Blork the orc
  3344 | D:4      | Reached XP level 7. HP: 32/66 MP: 6/6
  3719 | D:4      | Found a glowing drain.
  3741 | Sewer    | Entered a sewer
  3815 | Sewer    | Reached *** piety under Trog
  4087 | Sewer    | Reached **** piety under Trog
  4462 | D:5      | Entered Level 5 of the Dungeon
  4634 | D:5      | Reached XP level 8. HP: 46/75 MP: 7/7
  4682 | D:5      | Found an ornate altar of the Wu Jian Council.
  4928 | D:5      | Found a staircase to the Ecumenical Temple.
  4940 | D:5      | Found a hazy altar of Hepliaklqana.
  5585 | D:6      | Found a basalt altar of Yredelemnul.
  5834 | D:6      | Noticed a hippogriff
  5840 | D:6      | Killed a hippogriff
  5840 | D:6      | Received a gift from Trog
  5840 | D:6      | Reached skill level 10 in Fighting
  5840 | D:6      | Reached skill level 10 in Axes
  6111 | D:7      | Found a runed translucent door.
  6143 | D:7      | Reached XP level 9. HP: 60/86 MP: 8/8
  6385 | D:7      | Noticed a cyclops
  6421 | D:7      | Noticed a death knight
  6476 | D:7      | Killed a cyclops
  6726 | D:7      | Found a stormy altar of Qazlal.
  6855 | D:7      | Found a stormy altar of Qazlal.
  6887 | D:7      | Found a runed translucent door.
  6888 | D:7      | Noticed a fire dragon
  6889 | D:7      | Noticed a deep elf knight
  6889 | D:7      | Noticed a wizard
  6890 | D:7      | Found a runed translucent door.
  6890 | D:7      | Found a runed translucent door.
  6957 | D:7      | Found a runed translucent door.
  6958 | D:7      | Noticed Crazy Yiuf
  7141 | D:7      | Identified the Catalogue of the Captivating Glacier
  7144 | D:7      | Got a bronze scale mail
  7155 | D:7      | Identified the cursed +0 scale mail of the Wumpus {rF+
                  | Regen+ Int-4} (You found it on level 7 of the Dungeon)
  7174 | D:7      | Got a transparent chain mail
  7220 | D:7      | Identified the +1 chain mail of a Million Stars {rPois
                  | Int+4} (You found it on level 7 of the Dungeon)
  7407 | D:7      | Killed Crazy Yiuf
  7407 | D:7      | Reached ***** piety under Trog
  7750 | D:8      | Reached XP level 10. HP: 97/97 MP: 9/9
  7851 | D:8      | Noticed a two-headed ogre
  7862 | D:8      | Killed a two-headed ogre
  7862 | D:8      | Reached skill level 5 in Armour
  8168 | D:8      | Reached skill level 5 in Dodging
  8197 | D:8      | Found a staircase to the Lair.
  8237 | D:8      | Found a sand-covered staircase.
  8245 | Ossuary  | Entered an ossuary
  8833 | D:8      | Received a gift from Trog
  8916 | D:8      | Noticed Erica
  8924 | D:8      | Killed Erica
  9095 | D:9      | Found a flagged portal.
  9116 | Bailey   | Entered a bailey
  9420 | Bailey   | Noticed an orc warlord
  9445 | Bailey   | Killed an orc warlord
  9445 | Bailey   | Reached XP level 11. HP: 107/107 MP: 10/10
  9679 | D:9      | Found Tecet's Jewellery Shop.
  9684 | D:9      | Bought a cursed -2 ring of dexterity for 28 gold pieces
  9760 | D:9      | Found a glowing golden altar of the Shining One.
  9852 | D:9      | Received a gift from Trog
  9887 | D:9      | Noticed a queen ant
  9909 | D:9      | Killed a queen ant
 10465 | D:9      | Found a hide-covered altar of Uskayaw.
 10583 | D:10     | Entered Level 10 of the Dungeon
 10897 | D:10     | Received a gift from Trog
 10936 | D:10     | Killed an unseen horror
 11281 | D:10     | Reached XP level 12. HP: 116/117 MP: 11/11
 11450 | D:10     | Noticed a fire dragon
 11465 | D:10     | Killed a fire dragon
 11728 | D:11     | Noticed a vault guard
 11747 | D:11     | Killed a vault guard
 11842 | D:11     | Found a portal to a secret trove of treasure.
 12079 | D:11     | Noticed a two-headed ogre
 12093 | D:11     | Killed a two-headed ogre
 12123 | D:11     | Reached skill level 10 in Armour
 12509 | D:12     | Found a staircase to the Orcish Mines.
 12617 | D:12     | Reached ****** piety under Trog
 13031 | D:12     | Found a roughly hewn altar of Beogh.
 13429 | Lair:1   | Entered Level 1 of the Lair of Beasts
 13654 | Lair:1   | Found a dark tunnel.
 13661 | Volcano  | Entered a volcano
 13699 | Volcano  | Reached skill level 10 in Dodging
 13762 | Volcano  | Reached skill level 15 in Fighting
 13782 | Volcano  | Reached skill level 15 in Axes
 13912 | Volcano  | Reached XP level 13. HP: 121/126 MP: 12/12
 13918 | Volcano  | Received a gift from Trog
 14946 | Lair:2   | Found the +2 hat of the Bear Spirit {Spirit, +Rage rN+
                  | MR++}
 15222 | Lair:2   | Found a staircase to the Snake Pit.
 15818 | Lair:3   | Got a pitted scale mail
 15829 | Lair:3   | Identified the +1 scale mail "Ysivutar" {rC+} (You found it
                  | on level 3 of the Lair of Beasts)
 16280 | Lair:3   | Found a staircase to the Swamp.
 16640 | Lair:4   | Noticed Rupert
 16739 | Lair:4   | Killed Rupert
 16818 | Lair:4   | Noticed Nergalle
 16826 | Lair:4   | Killed Nergalle
 16906 | Lair:4   | Found a shimmering altar of Xom.
 16906 | Lair:4   | Noticed kmckee24's ghost (journeyman MiFi)
 16907 | Lair:4   | Found a runed translucent door.
 17587 | Lair:5   | Found a staircase to the Slime Pits.
 17735 | Lair:5   | Reached XP level 14. HP: 137/137 MP: 13/13
 17760 | Lair:5   | Received a gift from Trog
 18003 | Lair:5   | Identified 2 scrolls of acquirement
 18234 | Lair:6   | Entered Level 6 of the Lair of Beasts
 18363 | Lair:6   | Found a gate leading to a gauntlet.
 18373 | Gauntlet | Entered a Gauntlet
 18373 | Gauntlet | Found a transporter.
 18373 | Gauntlet | Found a transporter.
 18376 | Gauntlet | Found a transporter.
 18376 | Gauntlet | Found a transporter.
 18379 | Gauntlet | Found a transporter.
 18379 | Gauntlet | Found a transporter.
 18397 | Gauntlet | Found a transporter.
 18404 | Gauntlet | Found a transporter.
 18409 | Gauntlet | Found a transporter.
 18409 | Gauntlet | Found a transporter.
 18410 | Gauntlet | Found a transporter.
 18571 | Gauntlet | Found a transporter.
 18662 | Gauntlet | Got a jewelled dagger
 18709 | Gauntlet | Noticed a stone giant
 18709 | Gauntlet | Noticed a sphinx
 18709 | Gauntlet | a stone giant changed into a sphinx
 18722 | Gauntlet | Noticed an azure jelly
 18722 | Gauntlet | a sphinx changed into an azure jelly
 18723 | Gauntlet | an azure jelly changed into a minotaur
 18772 | Gauntlet | Got a glittering silver ring
 18778 | Gauntlet | Identified the ring "Xefewaux" {rPois MP+9} (You found it
                  | in a Gauntlet)
 18936 | Gauntlet | Got an ancient platinum amulet
 18948 | Lair:6   | Identified the amulet "Izeawna" {Inacc +Fly} (You found it
                  | in a Gauntlet)
 20851 | Orc:1    | Entered Level 1 of the Orcish Mines
 20859 | Orc:1    | Received a gift from Trog
 21096 | Orc:1    | Found a runed translucent gate.
 21097 | Orc:1    | Found a runed translucent gate.
 21099 | Orc:1    | Found an opulent altar of Gozag.
 21099 | Orc:1    | Found a runed translucent gate.
 21101 | Orc:1    | Found Fajarr's Assorted Antiques.
 21101 | Orc:1    | Noticed Rem's ghost (journeyman OpFi)
 21345 | Orc:2    | Entered Level 2 of the Orcish Mines
 21406 | Orc:2    | Found a staircase to the Elven Halls.
 21723 | Orc:2    | Found Eme Isku's General Store.
 22053 | Orc:2    | Received a gift from Trog
 22087 | Orc:2    | Noticed a stone giant
 22098 | Orc:2    | Killed a stone giant
 22379 | Orc:1    | Noticed Josephine
 22384 | Orc:1    | Killed Josephine
 22580 | Orc:2    | Found Ziakli's Food Emporium.
 22791 | Orc:2    | Reached XP level 15. HP: 118/147 MP: 14/14
 23157 | Orc:2    | Received a gift from Trog
 23728 | Orc:2    | Found Killiug's Antique Weapon Shop.
 23728 | Orc:2    | Found Ninan's Book Boutique.
 23728 | Orc:2    | Found a one-way gate leading to the halls of Pandemonium.
 23898 | Orc:2    | Bought a scroll of brand weapon for 340 gold pieces
 23898 | Orc:2    | Bought a potion of mutation for 136 gold pieces
 24250 | D:13     | Found Oraplih's Magic Scroll Shoppe.
 24322 | D:13     | Found a gate to the Vaults.
 24507 | D:13     | Noticed ezpacito's ghost (journeyman DsFi)
 24509 | D:13     | Found a runed translucent gate.
 24510 | D:13     | Found a runed translucent gate.
 24510 | D:13     | Identified the +9 whip "Ivivabesch" {speed, *Noise rF+ MR+
                  | Int+6}
 24510 | D:13     | Identified the +3 chain mail of Death Resistance {rC+}
 24511 | D:13     | Found a runed translucent gate.
 24511 | D:13     | Found a roughly hewn altar of Beogh.
 24511 | D:13     | Identified the cursed +1 leather armour of the Gloaming
                  | {rF- rN+ Stlth+}
 24711 | D:13     | Killed ezpacito's ghost
 25731 | Lair:4   | Killed kmckee24's ghost
 25851 | Snake:1  | Entered Level 1 of the Snake Pit
 26169 | Snake:1  | Received a gift from Trog
 26736 | Snake:1  | Reached skill level 15 in Armour
 27994 | Snake:2  | Noticed a nagaraja
 27998 | Snake:2  | Killed a nagaraja
 28369 | Snake:2  | Reached XP level 16. HP: 119/157 MP: 15/15
 28717 | Snake:2  | Noticed Vashnia
 28776 | Snake:2  | Killed Vashnia
 29660 | Snake:2  | Identified Roxanne's Volume of Moulding
 29660 | Snake:2  | Noticed Roxanne
 29800 | Snake:3  | Received a gift from Trog
 29991 | Snake:3  | Identified the +7 falchion "Mute" {venom, rElec MR++}
 30807 | Snake:3  | Received a gift from Trog
 31053 | Snake:3  | Reached skill level 15 in Dodging
 31302 | Snake:3  | Noticed Agnes
 31318 | Snake:3  | Killed Agnes
 32199 | Snake:4  | Entered Level 4 of the Snake Pit
 32762 | Snake:4  | Received a gift from Trog
 33252 | Snake:4  | Reached XP level 17. HP: 141/168 MP: 16/16
 35461 | Snake:4  | Got a serpentine rune of Zot
 35653 | Swamp:1  | Entered Level 1 of the Swamp
 35669 | Swamp:1  | Received a gift from Trog
 37155 | Swamp:2  | Reached skill level 1 in Throwing
 37236 | Swamp:2  | Received a gift from Trog
 37727 | Swamp:2  | Found a hide-covered altar of Uskayaw.
 38586 | Swamp:3  | Received a gift from Trog
 38718 | Swamp:3  | Reached XP level 18. HP: 161/178 MP: 17/17
 38775 | Swamp:4  | Entered Level 4 of the Swamp
 39799 | Swamp:4  | Received a gift from Trog
 40173 | Swamp:4  | Got a decaying rune of Zot
 40896 | D:14     | Reached skill level 5 in Throwing
 40926 | D:14     | Found a shattered altar of Ashenzari.
 41276 | D:15     | Entered Level 15 of the Dungeon
 41519 | D:15     | Found a staircase to the Depths.
 41849 | D:15     | Noticed Azrael
 41866 | D:15     | Killed Azrael
 42180 | Orc:1    | Killed Rem's ghost
 42232 | Orc:1    | Bought a sapphire ring for 115 gold pieces
 42332 | Vaults:1 | Entered Level 1 of the Vaults
 42613 | Vaults:1 | Received a gift from Trog
 43474 | Vaults:1 | Reached XP level 19. HP: 96/187 MP: 18/18
 44044 | Vaults:1 | Received a gift from Trog
 45501 | Vaults:2 | Noticed Jory
 45514 | Vaults:2 | Received a gift from Trog
 45537 | Vaults:2 | Killed Jory
 45833 | Vaults:2 | Received a gift from Trog
 46575 | Vaults:2 | Received a gift from Trog
 46955 | Vaults:2 | Found a staircase to the Crypt.
 47096 | Vaults:3 | Cast into level 3 of the Abyss (a deep elf demonologist)
 47120 | Abyss:3  | Found a corrupted altar of Lugonu.
 47120 | Abyss:3  | Noticed a hellephant
 47123 | Abyss:3  | Got an abyssal rune of Zot
 47132 | Abyss:3  | Reached XP level 20. HP: 131/198 MP: 19/19
 47305 | Abyss:3  | Gained mutation: You are weak. (Str -2) [a neqoxec]
 47320 | Abyss:3  | Found a corrupted altar of Lugonu.
 47363 | Vaults:3 | Escaped the Abyss
 47369 | Vaults:3 | Received a gift from Trog
 47480 | Vaults:3 | Found a ruined gateway.
 47536 | Desolati | Entered the Desolation of Salt
 47998 | Desolati | Received a gift from Trog
 48103 | Desolati | Got a steaming brass ring
 48150 | Desolati | Got a bound marble ring
 48152 | Desolati | Got a fine lead ring
 48159 | Desolati | Identified the ring "Coczuhis" {rElec rC+ Int+2 Dex+7} (You
                  | found it in the Desolation of Salt)
 48160 | Desolati | Identified the ring "Fare Hiu" {rPois Stlth+} (You found it
                  | in the Desolation of Salt)
 48161 | Desolati | Identified the ring "Jonog" {+Fly MP+9} (You found it in
                  | the Desolation of Salt)
 48290 | Desolati | Received a gift from Trog
 48635 | Desolati | Received a gift from Trog
 48752 | Desolati | Reached skill level 10 in Throwing
 48862 | Desolati | Got bloodstained quicksilver dragon scales
 49352 | Vaults:3 | Paralysed by a great orb of eyes for 3 turns
 49366 | Vaults:3 | Received a gift from Trog
 49698 | Vaults:3 | Received a gift from Trog
 49703 | Vaults:3 | Reached XP level 21. HP: 203/207 MP: 20/20
 49972 | Vaults:3 | Received a gift from Trog
 49987 | Vaults:3 | Identified the cursed quicksilver dragon scales of Light
                  | {rF+ MR+} (You found it in the Desolation of Salt)
 50161 | Vaults:3 | Found Ynioh's Armour Emporium.
 50175 | Vaults:3 | Bought the +3 crown of Dyrovepreva {rElec Int+2 SInv} for
                  | 496 gold pieces
 50175 | Vaults:3 | Found the +3 crown of Dyrovepreva {rElec Int+2 SInv}
 50862 | Vaults:4 | Received a gift from Trog
 50994 | Vaults:4 | Found a magical portal.
 51009 | WizLab   | Entered Iskenderun's Mystic Tower
 52239 | WizLab   | Received a gift from Trog
 52567 | WizLab   | Identified the Papyrus of Burning Benedictions
 52567 | WizLab   | Identified the Grimoire of Attacks and Unholy Secrets
 52592 | WizLab   | Identified Iskenderun's Guide on Conjuration
 52592 | WizLab   | Identified Iskenderun's Compendium of Confrontation
 52592 | WizLab   | Identified the Disquisition on Doomed Heat
 52812 | Vaults:4 | Paralysed by a sphinx for 7 turns
 53027 | Vaults:4 | Found a large runed translucent door.
 53027 | Vaults:4 | Found a large runed translucent door.
 53027 | Vaults:4 | Noticed Yloucecuu's ghost (veteran SpEn)
 53027 | Vaults:4 | Noticed TuffENuff's ghost (veteran FoFi)
 53486 | Vaults:4 | Killed TuffENuff's ghost
 53490 | Vaults:4 | Killed Yloucecuu's ghost
 53783 | D:13     | Bought a scroll of identify for 36 gold pieces
 53783 | D:13     | Bought a scroll of magic mapping for 63 gold pieces
 53783 | D:13     | Bought a scroll of enchant armour for 135 gold pieces
 54105 | D:11     | You showed the abyssal rune of Zot to enter a treasure
                  | trove
 54106 | Trove    | Entered a treasure trove
 54114 | Trove    | Got a heavily runed cloak
 54117 | Trove    | Got a slimy ivory ring
 54119 | Trove    | Got an iridescent war axe
 54125 | Trove    | Got an encrusted battleaxe
 54127 | Trove    | Got a scorched lead amulet
 54151 | D:11     | Identified the amulet of Lugonu's Esteem {Harm *Drain rF+
                  | Int-5 Dex+10} (You found it in a treasure trove)
 54158 | D:11     | Identified the ring of Eliloy {*Contam MR++ EV+3 Dex+4}
                  | (You found it in a treasure trove)
 54163 | D:11     | Identified the +2 war axe of Souretwo {chop, rF+ SInv} (You
                  | found it in a treasure trove)
 54164 | D:11     | Identified the +4 battleaxe of the Lettuce {flame, Str+7}
                  | (You found it in a treasure trove)
 54184 | D:11     | Identified the +0 cloak of Time Monsters {rPois rC- Regen+
                  | Dex+3} (You found it in a treasure trove)
 54306 | Depths:1 | Entered Level 1 of the Depths
 54418 | Depths:1 | Reached XP level 22. HP: 168/217 MP: 17/21
 54517 | Depths:1 | Found a gateway to Hell.
 54712 | Depths:1 | Found Byxzuh's Magic Scroll Emporium.
 54722 | Depths:1 | Bought a scroll of acquirement for 676 gold pieces
 54722 | Depths:1 | Bought a scroll of magic mapping for 45 gold pieces
 54765 | Depths:1 | Found a sparkling altar of Nemelex Xobeh.
 54851 | Depths:1 | Received a gift from Trog
 54872 | Depths:1 | Noticed Sojobo
 54878 | Depths:1 | Noticed Louise
 54887 | Depths:1 | Killed Sojobo
 54893 | Depths:1 | Killed Louise
 54936 | Depths:1 | Found a gateway to a ziggurat.
 54937 | Depths:1 | Found a one-way gate to the infinite horrors of the Abyss.
 55589 | Lair:1   | Got the ring of Xom's Bemusement {+Fly}
 56038 | Depths:2 | Received a gift from Trog
 57194 | Depths:2 | Found a bloodstained altar of Trog.
 57382 | Depths:3 | Received a gift from Trog
 57523 | Depths:3 | Noticed Nikola
 57533 | Depths:3 | Received a gift from Trog
 57552 | Depths:3 | Killed Nikola
 58169 | Depths:3 | Noticed a golden dragon
 58187 | Depths:3 | Killed a golden dragon
 58358 | Depths:3 | Received a gift from Trog
 58363 | Depths:3 | Reached XP level 23. HP: 213/227 MP: 22/22
 59334 | Depths:3 | Noticed a caustic shrike
 59340 | Depths:3 | Killed a caustic shrike
 59346 | Depths:3 | Received a gift from Trog
 60024 | Depths:4 | Received a gift from Trog
 60404 | Depths:4 | Found a radiant altar of Vehumet.
 60408 | Depths:4 | Found a transporter.
 60412 | Depths:4 | Identified the amulet "Wanolun" {Spirit rC+ rN+}
 60800 | Depths:3 | Noticed a caustic shrike
 60816 | Depths:3 | Killed a caustic shrike
 60835 | Depths:3 | Identified the +6 chain mail of Fecruri {rPois Dex+4
                  | Stlth-} (You found it on level 3 of the Depths)
 60940 | Depths:5 | Entered Level 5 of the Depths
 61148 | Depths:5 | Received a gift from Trog
 61282 | Depths:5 | Received a gift from Trog
 61466 | Depths:5 | Reached XP level 24. HP: 227/238 MP: 22/22
 61589 | Depths:5 | Found a corrupted altar of Lugonu.
 61675 | Depths:5 | Received a gift from Trog
 62034 | Depths:5 | Found a gate to the Realm of Zot.
 62370 | Elf:1    | Entered Level 1 of the Elven Halls
 62575 | Elf:1    | Found Tiepti's Jewellery Boutique.
 62626 | Elf:1    | Found Enel's Food Emporium.
 62695 | Elf:1    | Found Kuogom's Jewellery Boutique.
 62772 | Elf:1    | Received a gift from Trog
 63103 | Elf:1    | Found Ynizemyu's Assorted Antiques.
 63106 | Elf:1    | Bought a scroll of enchant armour for 262 gold pieces
 63106 | Elf:1    | Bought an embroidered scarf for 280 gold pieces
 63333 | Elf:2    | Identified the cursed +0 chain mail of Sorcery {rElec MR+
                  | Dex+3} (You found it on level 2 of the Elven Halls)
 63516 | Elf:2    | Found a runed translucent gate.
 63518 | Elf:2    | Found a runed translucent gate.
 63521 | Elf:2    | Found a runed translucent gate.
 63761 | Elf:2    | Received a gift from Trog
 64041 | Elf:3    | Entered Level 3 of the Elven Halls
 64813 | Elf:3    | Identified the ring "Kenes" {*Corrode MR+ Dex+6 SInv
                  | Stlth+}
 64815 | Elf:3    | Received a gift from Trog
 64833 | Elf:3    | Identified the ring of Zuodeaq {Fire Dex+4}
 64836 | Elf:3    | Reached skill level 15 in Throwing
 64839 | Elf:3    | Received a gift from Trog
 64847 | Elf:3    | Identified the +6 spear of Wondrous Power {elec, rC++ Str-5
                  | Int+5}
 64848 | Elf:3    | Identified the +2 mace "Garelin" {speed, +Fly rElec Dex+3}
 65465 | Elf:3    | Identified Cuegel's Handbook of Protection
 66255 | Depths:4 | Received a gift from Trog
 66300 | Depths:4 | Identified the Catalogue of Displaced Ice
 66322 | Depths:4 | Found a transporter.
 66462 | Depths:4 | Reached XP level 25. HP: 247/247 MP: 22/22
 67985 | Vaults:5 | Entered Level 5 of the Vaults
 67991 | Vaults:5 | Reached XP level 26. HP: 252/257 MP: 22/22
 68030 | Vaults:5 | Received a gift from Trog
 68210 | Vaults:5 | Noticed an ancient lich
 68213 | Vaults:5 | Received a gift from Trog
 68723 | Vaults:5 | Killed an ancient lich
 68723 | Vaults:5 | Received a gift from Trog
 69327 | Vaults:4 | Received a gift from Trog
 70228 | Vaults:5 | Found Coveir's Antique Weapon Shoppe.
 70237 | Vaults:5 | Received a gift from Trog
 70328 | Vaults:5 | Found Bacruobb's Magic Scroll Emporium.
 70348 | Vaults:5 | Bought a scroll of enchant weapon for 97 gold pieces
 70356 | Vaults:5 | Got a silver rune of Zot
 70366 | Vaults:5 | Found Mucanleo's Food Emporium.
 70374 | Vaults:5 | Found Qonigigy's Food Shop.
 70385 | Vaults:5 | Found Diorr's Magic Scroll Shop.
 70385 | Vaults:5 | Found Eliucac's Distillery.
 70408 | Vaults:5 | Found Kamopret's Magic Scroll Boutique.
 70434 | Vaults:5 | Bought a scroll of enchant armour for 82 gold pieces
 70444 | Vaults:5 | Found Rabar's Distillery.
 70448 | Vaults:5 | Bought a potion of heal wounds for 75 gold pieces
 70448 | Vaults:5 | Bought a potion of haste for 150 gold pieces
 70457 | Vaults:5 | Found Xidazaox's Magic Scroll Shop.
 70461 | Vaults:5 | Bought a scroll of blinking for 142 gold pieces
 70702 | Vaults:5 | Found Minteor's Armour Boutique.
 70898 | Vaults:5 | Found Hotid's Antique Weapon Shop.
 70898 | Vaults:5 | Found Waemuibb's Jewellery Shop.
 70909 | Vaults:5 | Bought the ring "Mommonk" {rElec rF+ rC+ rN+} for 672 gold
                  | pieces
 70934 | Vaults:5 | Received a gift from Trog
 70936 | Vaults:5 | Reached XP level 27. HP: 264/268 MP: 22/22
 70954 | Vaults:5 | Bought a scroll of acquirement for 1040 gold pieces
 70979 | Vaults:5 | Found Ruifos's Antique Armour Emporium.
 70983 | Vaults:5 | Bought smelly gold dragon scales for 3145 gold pieces
 70983 | Vaults:5 | Identified the +6 gold dragon scales "Sunah" {rPois rF+ rC+
                  | MR- Int+2 Dex+3} (You bought it in a shop on level 5 of the
                  | Vaults)
 71441 | Zot:1    | Entered Level 1 of the Realm of Zot
 71467 | Depths:5 | Got a steaming chain mail
 71468 | Depths:5 | Identified the +5 chain mail "Letaedghu" {rF+ MR- Regen+
                  | Dex+5} (You acquired it on level 5 of the Depths)
 71486 | Depths:5 | Got a pair of slimy gloves
 71487 | Depths:5 | Identified the -3 pair of gloves "Masutaal" {rC+ Dex+3}
                  | (You acquired it on level 5 of the Depths)
 71509 | Depths:5 | Found the -2 hat of the Alchemist {rElec rPois rF+ rC+ rN+
                  | MR+ rMut rCorr}
 72606 | Zot:1    | Noticed an orb of fire
 72632 | Zot:1    | Killed an orb of fire
 72786 | Zot:1    | Noticed an orb of fire
 72801 | Zot:1    | Killed an orb of fire
 73637 | Zot:1    | Received a gift from Trog
 73707 | Zot:1    | Got a translucent glass ring
 74002 | Zot:1    | Identified the ring "Naigad" {Wiz rF+ rC+} (You found it on
                  | level 1 of the Realm of Zot)
 74502 | Zot:2    | Noticed an orb of fire
 74527 | Zot:1    | Killed an orb of fire
 74602 | Zot:2    | Identified the Papyrus of Transmigration and Stones
 74841 | Zot:2    | Found a runed translucent gate.
 74842 | Zot:2    | Found a runed translucent gate.
 74843 | Zot:2    | Found a runed translucent gate.
 74843 | Zot:2    | Noticed greynaab's ghost (veteran TeSu)
 74987 | Zot:2    | Received a gift from Trog
 75857 | Zot:4    | Received a gift from Trog
 75906 | Zot:4    | Reached skill level 27 in Fighting
 75925 | Zot:4    | Reached skill level 27 in Axes
 76476 | Zot:4    | Received a gift from Trog
 76568 | Zot:4    | Received a gift from Trog
 76868 | Zot:5    | Entered Level 5 of the Realm of Zot
 77459 | Zot:5    | Noticed an ancient lich
 77476 | Zot:5    | Killed an ancient lich
 77483 | Zot:5    | Noticed an orb of fire
 77485 | Zot:5    | Noticed an orb of fire
 77510 | Zot:5    | Killed an orb of fire
 77526 | Zot:5    | Gained mutation: You are very weak. (Str -4) [an orb of
                  | fire]
 77528 | Zot:5    | Lost mutation: You are very weak. (Str -4) [an orb of fire]
 77535 | Zot:5    | Killed an orb of fire
 77919 | Zot:5    | Noticed an ancient lich
 77937 | Zot:5    | Killed an ancient lich
 78138 | Zot:5    | Noticed an orb of fire
 78159 | Zot:5    | Killed an orb of fire
 78466 | Zot:5    | Noticed an orb of fire
 78466 | Zot:5    | Gained mutation: Your magical capacity is low. (-10% MP)
                  | [an orb of fire]
 78486 | Zot:5    | Killed an orb of fire
 78712 | Zot:5    | Noticed an ancient lich
 78716 | Zot:5    | Received a gift from Trog
 78725 | Zot:5    | Killed an ancient lich
 78725 | Zot:5    | Reached skill level 27 in Armour
 78768 | Zot:5    | Noticed an ancient lich
 78779 | Zot:5    | Killed an ancient lich
 79864 | Slime:1  | Entered Level 1 of the Pits of Slime
 79897 | Slime:2  | Found a viscous altar of Jiyva.
 80836 | Slime:4  | Received a gift from Trog
 81128 | Slime:5  | Entered Level 5 of the Pits of Slime
 81208 | Slime:5  | Noticed the Royal Jelly
 81503 | Slime:5  | Received a gift from Trog
 81627 | Slime:5  | Killed the Royal Jelly
 81656 | Slime:5  | Found the +6 shillelagh "Devastator" {shatter}
 81681 | Slime:5  | Identified the +8 battleaxe of Fetseboca {chop, Fragile
                  | rN++ Str+4} (You found it on level 5 of the Pits of Slime)
 81731 | Slime:5  | Identified the ring "Xarghampi" {rElec Int+2 Dex+6} (You
                  | found it on level 5 of the Pits of Slime)
 81735 | Slime:5  | Got a slimy rune of Zot
 82385 | Zot:2    | Killed greynaab's ghost
 82395 | Zot:2    | Identified the cursed +0 pair of gloves of the Spider Nest
                  | {*Contam rF+ MP+9} (You found it on level 2 of the Realm of
                  | Zot)
 82575 | Zot:2    | Got a transparent plate armour
 82576 | Zot:2    | Identified the +1 plate armour "Huakhlay" {Int+6} (You
                  | acquired it on level 2 of the Realm of Zot)
 82580 | Zot:2    | Found the +2 pair of boots of the Assassin {Detection Stab+
                  | Stlth++}
 83100 | Snake:2  | Killed Roxanne
 83604 | Depths:1 | Bought a scroll of enchant armour for 97 gold pieces
 83833 | D:9      | Fell from the grace of Trog
 83833 | D:9      | Became a worshipper of the Shining One
 84112 | Vaults:5 | Bought a scroll of teleportation for 57 gold pieces
 84112 | Vaults:5 | Bought a scroll of magic mapping for 66 gold pieces
 84155 | Vaults:5 | Bought a scroll of magic mapping for 70 gold pieces
 84155 | Vaults:5 | Bought a scroll of holy word for 150 gold pieces
 84155 | Vaults:5 | Bought a scroll of summoning for 190 gold pieces
 84181 | Vaults:5 | Bought a scroll of summoning for 218 gold pieces
 84181 | Vaults:5 | Bought a scroll of enchant weapon for 172 gold pieces
 84471 | Elf:1    | Bought a potion of mutation for 280 gold pieces
 84471 | Elf:1    | Bought a scroll of blinking for 262 gold pieces
 84471 | Elf:1    | Bought a potion of haste for 350 gold pieces
 84705 | Crypt:1  | Entered Level 1 of the Crypt
 84898 | Crypt:1  | Reached * piety under the Shining One
 84957 | Crypt:1  | Reached ** piety under the Shining One
 85080 | Crypt:1  | Reached skill level 1 in Invocations
 85172 | Crypt:1  | Reached *** piety under the Shining One
 85441 | Crypt:2  | Reached **** piety under the Shining One
 85465 | Crypt:2  | Reached skill level 27 in Dodging
 85476 | Crypt:2  | Reached ***** piety under the Shining One
 85628 | Crypt:2  | Reached skill level 5 in Invocations
 85690 | Crypt:2  | Found an ancient bone altar of Kikubaaqudgha.
 85903 | Crypt:2  | Reached ****** piety under the Shining One
 86259 | Crypt:3  | Entered Level 3 of the Crypt
 86604 | Crypt:3  | Found a staircase to the Tomb.
 87071 | Crypt:3  | Reached skill level 10 in Invocations
 87282 | Crypt:3  | Found an ancient bone altar of Kikubaaqudgha.
 87285 | Crypt:3  | Found a basalt altar of Yredelemnul.
 87333 | Crypt:3  | Identified Sif Muna's Compendium of Evil
 87667 | Hell     | Entered the Vestibule of Hell
 87667 | Hell     | Noticed Geryon
 87676 | Hell     | Noticed Murray
 87681 | Hell     | Killed Geryon
 87682 | Hell     | Identified a +9 executioner's axe of holy wrath (a +9
                  | executioner's axe of venom blessed by the Shining One)
 87682 | Hell     | Received a gift from the Shining One
 87690 | Hell     | Killed Murray
 87808 | Hell     | Found a gateway to the decaying netherworld of Tartarus.
 87979 | Hell     | Found a gateway to the Iron City of Dis.
 88226 | Hell     | Found a gateway to the ashen valley of Gehenna.
 88286 | Hell     | Found a gateway to the freezing wastes of Cocytus.
 88386 | Tar:1    | Entered Level 1 of Tartarus
 88857 | Tar:3    | You fall through a shaft for 2 floors!
 89070 | Tar:6    | Reached skill level 15 in Invocations
 89446 | Tar:6    | Found a shadowy altar of Dithmenos.
 89551 | Tar:7    | Entered Level 7 of Tartarus
 89914 | Tar:7    | Identified Lucoocre's Papyrus of Weightlessness and
                  | Transmigration
 89922 | Tar:7    | Paralysed by Trog for 2 turns
 90073 | Tar:7    | Noticed Ereshkigal
 90090 | Tar:7    | Killed Ereshkigal
 90112 | Tar:7    | Identified the Papyrus of the Volcanoes and Transmigration
 90123 | Tar:7    | Got a sparkling granite ring
 90124 | Tar:7    | Identified the ring of a Billion Seas {+Inv Str-3 Int+2
                  | SInv} (You found it on level 7 of Tartarus)
 90132 | Tar:7    | Got a bone rune of Zot
 90263 | Tar:7    | Gained mutation: You are dopey. (Int -2) [mutagenic glow]
 90284 | Hell     | Lost mutation: Your magical capacity is low. (-10% MP)
                  | [potion of mutation]
 90284 | Hell     | Lost mutation: You are weak. (Str -2) [potion of mutation]
 90284 | Hell     | Gained mutation: Your body sometimes deteriorates upon
                  | taking damage. [potion of mutation]
 90284 | Hell     | Lost mutation: You are dopey. (Int -2) [potion of mutation]
 90284 | Hell     | Gained mutation: You have a pair of large horns on your
                  | head. [potion of mutation]
 90285 | Hell     | Lost mutation: Your body sometimes deteriorates upon taking
                  | damage. [potion of mutation]
 90285 | Hell     | Gained mutation: Your flesh is heat resistant. (rF+)
                  | [potion of mutation]
 90285 | Hell     | Gained mutation: You have sharp toenails. [potion of
                  | mutation]
 90291 | Hell     | Gained mutation: You are frail. (-10% HP) [mutagenic glow]
 90425 | Hell     | Lost mutation: You are frail. (-10% HP) [potion of
                  | mutation]
 90425 | Hell     | Lost mutation: You have a pair of large horns on your head.
                  | [potion of mutation]
 90425 | Hell     | Lost mutation: Your flesh is heat resistant. (rF+) [potion
                  | of mutation]
 90425 | Hell     | Gained mutation: You do not regenerate when monsters are
                  | visible. [potion of mutation]
 90425 | Hell     | Gained mutation: You are partially covered in icy blue
                  | scales. (AC +2) [potion of mutation]
 90425 | Hell     | Gained mutation: You are clumsy. (Dex -2) [potion of
                  | mutation]
 90425 | Hell     | Gained mutation: You are partially covered in large bone
                  | plates. (SH +4) [potion of mutation]
 90522 | Dis:1    | Entered Level 1 of the Iron City of Dis
 91364 | Dis:5    | Gained mutation: Scrolls take you a little longer to read.
                  | [mutagenic glow]
 91933 | Dis:7    | Entered Level 7 of the Iron City of Dis
 92353 | Dis:7    | Gained mutation: Your spells are a little easier to cast,
                  | but a little less powerful. [a cacodemon]
 92507 | Dis:7    | Killed from afar by a Hell Sentinel

Skill      XL: |  1  2  3  4  5  6  7  8  9 10 11 12 13 14 15 16 17 18 19 20 21 22 23 24 25 26 27 |
---------------+----------------------------------------------------------------------------------+-----
Fighting       | 4 5 6 7 8 10 12 13 14 15 16 17 18 19 20 21 22 23 24 25 27 | 27.0
Axes           | 4 5 6 7 8 10 12 13 14 15 16 17 18 19 20 21 22 23 24 25 27 | 27.0
Armour         | 4 7 9 10 12 13 15 16 17 18 19 20 21 22 23 24 27 | 27.0
Dodging        | 3 6 8 10 11 12 14 15 16 17 18 19 20 21 22 27 | 27.0
Throwing       | 3 6 8 10 11 13 14 15 16 21 | 21.9
Invocations    | 21 | 21.9

Action                   |  1- 3 |  4- 6 |  7- 9 | 10-12 | 13-15 | 16-18 | 19-21 | 22-24 | 25-27 || total
-------------------------+-------+-------+-------+-------+-------+-------+-------+-------+-------++-------
Melee: Hand axe          |    93 |   112 |   352 |   506 |       |       |       |       |       ||  1063
       Headbutt          |    16 |    17 |    77 |   215 |   259 |   278 |   351 |   459 |   966 ||  2638
       War axe           |       |       |       |   190 |       |       |       |       |       ||   190
       Battleaxe         |       |       |       |    15 |   557 |  1214 |  1103 |  1309 |   341 ||  4539
       Broad axe         |       |       |       |   197 |   489 |       |       |       |       ||   686
       Executioner's axe |       |       |       |       |       |       |       |       |  2347 ||  2347
Throw: Throwing net      |       |       |       |       |       |     1 |     1 |       |       ||     2
       Javelin           |       |       |       |       |       |       |     2 |    14 |    89 ||   105
Invok: Berserk           |       |     2 |     3 |     4 |     5 |     3 |     2 |     2 |     3 ||    24
       Trog's Hand       |       |     2 |       |     2 |     1 |     1 |     3 |       |       ||     9
       Brothers in Arms  |       |       |       |       |       |     2 |     2 |       |     1 ||     5
       Cleansing Flame   |       |       |       |       |       |       |       |       |     3 ||     3
       Divine Shield     |       |       |       |       |       |       |       |       |     1 ||     1
       Brand Weapon With |       |       |       |       |       |       |       |       |     1 ||     1
Evoke: Wand              |       |       |       |       |       |       |       |     1 |       ||     1
  Use: Scroll            |     6 |       |     3 |    17 |    10 |     8 |     8 |    18 |    38 ||   108
       Potion            |       |       |       |       |     5 |    17 |     6 |     3 |    17 ||    48
 Stab: Confused          |       |       |       |       |       |     2 |       |       |     1 ||     3
       Distracted        |       |       |       |       |       |       |     2 |     2 |       ||     4
  Eat: Chunk             |     2 |     2 |     9 |    20 |    28 |    11 |    24 |    17 |    10 ||   123
       Ration            |       |     2 |     2 |     2 |     7 |    12 |     5 |     7 |    23 ||    60
Armor: Animal skin       |     7 |       |       |       |       |       |       |       |       ||     7
       Leather armour    |     6 |       |       |       |       |       |       |       |       ||     6
       Scale mail        |     5 |    29 |    68 |       |       |       |       |       |       ||   102
       Chain mail        |       |       |    75 |   298 |   344 |   245 |       |       |       ||   962
       Plate armour      |       |       |       |     2 |    51 |   325 |   392 |   315 |       ||  1085
       Gold dragon scale |       |       |       |       |       |       |       |   145 |   976 ||  1121
Dodge: Dodged            |    55 |    55 |   208 |   446 |   684 |   928 |   691 |  1405 |  2990 ||  7462
Block: Other             |       |       |       |       |       |       |       |       |    49 ||    49
